 Dungeon Crawl Stone Soup version 0.25-a0-707-g603da076d2 (webtiles) character file.

Game seed: 9582841148990708895, levelgen mode: deterministic

3 ipx the Vexing (level 1, 12/12 HPs)
             Began as a Gargoyle Arcane Marksman on Apr 4, 2020.
             Got out of the dungeon alive.
             The game lasted 00:01:02 (105 turns).

ipx the Vexing (Gargoyle Arcane Marksman)            Turns: 105, Time: 00:01:02

Health: 12/12      AC:  4    Str: 13    XL:     1   Next: 50%
Magic:  2/2        EV: 12    Int: 13    God:
Gold:   5          SH:  0    Dex: 10    Spells: 1/2 levels left

rFire    . . .     SeeInvis .   (no weapon)
rCold    . . .     Gourm    .   (no shield)
rNeg     + . .     Faith    .   a - +0 robe
rPois    ∞         Spirit   .   (no helmet)
rElec    +         Reflect  .   (no cloak)
rCorr    .         Harm     .   (no gloves)
MR       .....                  (no boots)
Stlth    +.........             (no amulet)
HPRegen  0.04/turn              (no ring)
MPRegen  0.08/turn              (no ring)

@: no status effects
A: negative energy resistance 1, electricity resistance, unbreathing,
petrification resistance, rot immunity, AC +2
a: no special abilities


You escaped.
You were not hungry.

You visited 1 branch of the dungeon, and saw 1 of its levels.

You collected 5 gold pieces.

Inventory:

Missiles
 c - 4 javelins (quivered)
 d - 2 throwing nets
Armour
 a - a +0 robe (worn)
Scrolls
 b - 2 scrolls of enchant armour {unknown}
Comestibles
 f - a ration


   Skills:
 - Level 1.1 Fighting
 + Level 1.9 Throwing
 - Level 1.5 Dodging
 - Level 1.0 Spellcasting
 + Level 2.8 Hexes


You had one spell level left.
You knew the following spells:

 Your Spells              Type           Power        Failure   Level  Hunger
c - Corona                Hex            #......      9%          1    ##.....

Your spell library contained the following spells:

 Spells                   Type           Power        Failure   Level  Hunger
 Slow                     Hex            #.......     14%         2    ###....
 Inner Flame              Hex/Fire       #.......     43%         3    ####...
 Portal Projectile        Hex/Tloc       #.....       43%         3    ####...
 Cause Fear               Hex            #.........   65%         4    #####..
 Leda's Liquefaction      Hex/Erth       #.........   85%         4    #####..


Dungeon Overview and Level Annotations

Branches:
Dungeon (1/15)

Altars:


Innate Abilities, Weirdness & Mutations

You are resistant to torment.
Your stone body is resilient. (AC +2)
You are immune to poison.
You resist negative energy. (rN+)
You are resistant to electric shocks. (rElec)
You can survive without breathing.
You are immune to petrification.
You are immune to rotting.


Message History

You throw a javelin.
The javelin pierces through the leopard gecko!
You kill the leopard gecko!
You see here a leopard gecko corpse.
Found 18 stones.
c - 4 javelins (gained 2)
You see here 18 stones.
You open the door.
There is an open door here.
As you open the door, it creaks loudly!
There is an open door here.
You open the door.
There is an open door here.
There is an open door here.
As you open the door, it creaks loudly!
There is a staircase leading out of the dungeon here.
Are you sure you want to leave the Dungeon?
This will make you lose the game!
Alright, then stay!
Are you sure you want to leave the Dungeon?
This will make you lose the game!
You have escaped!

#### ..##
#####..# #......#
### #.####.## #.#
#.# ##.### #.# .#
#.#
##..####'####..#
#.# ###..'...'..#
#.# ####.@.####
#.#
###..'...'..###
#.#
##.(####'####..##
#.# ##.### #.#
###.# #.# ##.##
#.# ### #.# #..#
### #.# #†## #.#
#.# #.# #.#


There were no monsters in sight!

Vanquished Creatures
  A leopard gecko (D:1)
  A giant cockroach (D:1)
2 creatures vanquished.

Notes
Turn   | Place    | Note
-------+----------+-------------------------------------------
     0 | D:1      | ipx the Gargoyle Arcane Marksman began the quest for the
                  | Orb.
     0 | D:1      | Reached XP level 1. HP: 12/12 MP: 2/2
   105 | D:$      | Got out of the dungeon alive.

Levels and vault maps discovered:
D:1:      dpeg_arrival_radiant, layout_basic

Action                   || total
-------------------------++-------
Throw: Javelin           ||     4
 Cast: Corona            ||     3

Table legend:
 A = Non-vault XP
 B = Vault XP
 C = Vault XP percentage of total XP
 D = Non-vault monster count
 E = Vault monster count
 F = Vault count percentage of total count
                 A         B        C        D         E       F
            +---------+---------+-------+---------+---------+-------
      Total |       5 |       0 |   0.0 |       2 |       0 |   0.0
            +---------+---------+-------+---------+---------+-------
        D:1 |       5 |       0 |   0.0 |       2 |       0 |   0.0
            +---------+---------+-------+---------+---------+-------
